 Dungeon Crawl Stone Soup version 0.31-a0-221-gbddc013574 (webtiles) character file.

Game seed: 9546349091052853732

122 qw the Chopper (level 5, -3/32 HPs)
             Began as a Gargoyle Fighter on July 4, 2023.
             Slain by an ogre
             ... wielding a +0 giant spiked club
              (15 damage)
             ... on level 4 of the Dungeon.
             The game lasted 00:01:17 (2125 turns).

qw the Chopper (Gargoyle Fighter)                   Turns: 2125, Time: 00:01:18

Health: -3/32      AC: 12    Str: 22    XL:     5   Next: 6%
Magic:  5/5        EV:  9    Int:  8    God:
Gold:   47         SH:  4    Dex:  9    Spells: 4/4 levels left

rFire   . . .        Y - +0 war axe
rCold   + . .        c - +0 buckler
rNeg    + . .        b - +0 scale mail
rPois   inf          (no helmet)
rElec   +            (no cloak)
rCorr   .            (no gloves)
SInv    .            f - +0 pair of boots
Will    .....        (no amulet) Stlth
                     g - ring of protection from cold
HPRegen 0.25/turn    (no ring)
MPRegen 0.09/turn

%: no passive effects
@: no status effects
A: sickness immunity, AC +4, negative energy resistance 1, electricity
resistance, torment resistance 1, petrification resistance
a: no special abilities


You were on level 4 of the Dungeon.
You visited 1 branch of the dungeon, and saw 4 of its levels.

You collected 88 gold pieces.
You spent 41 gold pieces at shops.


Innate Abilities, Weirdness & Mutations

You are immune to sickness and miasma.
Your stone body is resilient. (AC +4)
You are immune to poison.
You resist negative energy. (rN+)
You are resistant to electric shocks. (rElec)
You are resistant to unholy torment.
You are immune to petrification.


   Skills:
 - Level 3.2 Fighting
 + Level 4.6 Axes
 - Level 3.2 Armour
 - Level 3.2 Shields


You had 4 spell levels left.
You didn't know any spells.
Your spell library was empty.

Inventory:

Hand Weapons
 h - a +0 whip
 Y - a +0 war axe (weapon)
Armour
 b - a +0 scale mail (worn)
 c - a +0 buckler (worn)
 f - a +0 pair of boots (worn)
Jewellery
 g - a ring of protection from cold (left hand)
Scrolls
 j - a scroll of teleportation
 k - a scroll of identify
Potions
 d - a potion of might
 i - a potion of berserk rage {unknown}
 l - a potion of haste {unknown}

Dungeon Overview and Level Annotations

Branches:
Dungeon (4/15)
 Temple: D:4-7

Altars:
Trog

Shops:
D:3 *

Annotations:
D:3 1 runed translucent door, Crazy Yiuf


Message History

The killer bee stings you.
The howler monkey hits you but does no damage.
The killer bee stings you but does no damage.
The howler monkey hits you but does no damage.
2099 ||| READING 2 scrolls of teleportation.
As you read the scroll of teleportation, it crumbles to dust.
You feel strangely unstable. You block the killer bee's attack.
The killer bee stings you but does no damage.
The howler monkey hoots and howls with incredible vigour!
You hear a shout! x2
You barely miss the killer bee.
The killer bee is severely wounded.
You hit the howler monkey but do no damage.
The killer bee stings you but does no damage.
The killer bee stings you. The howler monkey misses you.
The killer bee barely misses you.
A kobold comes into view. It is wielding a +0 dagger.
You miss the killer bee.
The killer bee is severely wounded.
You closely miss the howler monkey.
Your surroundings suddenly seem different.
You start resting.
A howler monkey is nearby!
2114 ||| Stepping ~*~*~tactically~*~*~ (stealth).
You start resting.
An ogre comes into view. It is wielding a +0 giant spiked club.
2116 ||| Stepping ~*~*~tactically~*~*~ (stealth).
You start resting.
An ogre is nearby!
The ogre shouts!
You barely miss the ogre. The ogre closely misses you.
You slash the ogre!
The ogre is moderately wounded.
You block the ogre's attack.
You slash the ogre!
The ogre is severely wounded.
The ogre hits you with a +0 giant spiked club!
You die...

#... ###...
#..>.# .!h...#<##
..#####.# #..#
#.# ...O ..#
###########..####
###
.......@O........
#########........
.....#### ....###
####.# .# .# .#


You could see an ogre.

Vanquished Creatures
  5 adders
  4 worms
  5 dart slugs
  2 endoplasms
  5 giant cockroaches
  7 goblins
  5 hobgoblins
  3 kobolds (D:3)
  5 quokkas
  3 ball pythons
  A bat (D:2)
  6 frilled lizards
  6 rats
57 creatures vanquished.

Notes
Turn   | Place    | Note
-------+----------+-------------------------------------------
     0 | D:1      | qw the Gargoyle Fighter began the quest for the Orb.
     0 | D:1      | Reached XP level 1. HP: 14/14 MP: 1/1
     0 | D:1      | 0 ||| qw: Version: 0.3-a-41-g9d075ac
     0 | D:1      | 0 ||| qw: Game counter: 820
     0 | D:1      | 0 ||| qw: Melee chars always use a shield: true
     0 | D:1      | 0 ||| qw: God list: Okawaru
     0 | D:1      | 0 ||| qw: Allow faded altars: false
     0 | D:1      | 0 ||| qw: Do Orc after clearing Dungeon:15 true
     0 | D:1      | 0 ||| qw: Do second Lair branch before Depths: true
     0 | D:1      | 0 ||| qw: Lair rune preference: random
     0 | D:1      | 0 ||| qw: Goals: Normal, Zot:1-4, Slime:5, God:TSO, Crypt,
                  | Tomb, Abyss, Pan, Hells, Win
     0 | D:1      | 0 ||| PLANNING D:1-11
    39 | D:1      | Reached skill level 2 in Axes
   142 | D:1      | Reached XP level 2. HP: 19/19 MP: 2/2
   558 | D:1      | 558 ||| UPGRADING to +0 pair of boots.
   563 | D:1      | 563 ||| UPGRADING to ring of protection from cold.
   564 | D:1      | 564 ||| READING scroll labelled IWAUXEE ZIOJECROXT.
   593 | D:2      | 593 ||| Stepping ~*~*~tactically~*~*~ (stealth).
   600 | D:2      | Reached skill level 3 in Axes
   600 | D:2      | Reached XP level 3. HP: 19/23 MP: 3/3
   862 | D:2      | 862 ||| Stepping ~*~*~tactically~*~*~ (stealth).
   890 | D:2      | 890 ||| Stepping ~*~*~tactically~*~*~ (hiding).
   892 | D:2      | 892 ||| Stepping ~*~*~tactically~*~*~ (hiding).
   899 | D:2      | Reached XP level 4. HP: 28/28 MP: 4/4
   906 | D:2      | 906 ||| Stepping ~*~*~tactically~*~*~ (stealth).
  1045 | D:2      | Reached skill level 4 in Axes
  1146 | D:2      | 1146 ||| Stepping ~*~*~tactically~*~*~ (stealth).
  1238 | D:2      | 1238 ||| READING 2 scrolls labelled CIOKEN YSOGEWE.
  1255 | D:2      | 1255 ||| READING scroll labelled RUTRIYC YTYO.
  1256 | D:2      | 1256 ||| READING scroll labelled LULUXUNWINLO.
  1257 | D:2      | 1257 ||| READING scroll labelled AQOABEUSUOWN.
  1258 | D:2      | 1258 ||| DRINKING 2 orange potions.
  1259 | D:2      | 1259 ||| DROPPING scroll of torment.
  1260 | D:2      | 1260 ||| DROPPING potion of brilliance.
  1351 | D:3      | Found Mecoymp's Assorted Antiques.
  1354 | D:3      | 1354 ||| BUYING 2 golden potions (41 gold).
  1354 | D:3      | Bought 2 golden potions for 41 gold pieces
  1354 | D:3      | 1354 ||| SHOPLISTING 2 viscous amethyst potions (41 gold,
                  | have 25).
  1354 | D:3      | 1354 ||| SHOPLISTING potion of might (92 gold, have 25).
  1354 | D:3      | 1354 ||| SHOPLISTING runed plate armour (598 gold, have
                  | 25).
  1354 | D:3      | 1354 ||| SHOPLISTING scroll of enchant armour (172 gold,
                  | have 25).
  1354 | D:3      | 1354 ||| SHOPLISTING scroll of identify (46 gold, have 25).
  1354 | D:3      | 1354 ||| SHOPLISTING wooden wand (92 gold, have 25).
  1381 | D:3      | 1381 ||| Stepping ~*~*~tactically~*~*~ (stealth).
  1584 | D:3      | Found a bloodstained altar of Trog.
  1710 | D:3      | Reached XP level 5. HP: 32/32 MP: 5/5
  1861 | D:3      | Found a runed translucent door.
  1862 | D:3      | Noticed Crazy Yiuf
  2052 | D:3      | 2052 ||| DRINKING 2 golden potions.
  2053 | D:3      | 2053 ||| READING 2 scrolls of identify.
  2053 | D:3      | 2053 ||| IDENTIFYING murky brown potion
  2054 | D:3      | 2054 ||| DROPPING potion of invisibility.
  2055 | D:3      | 2055 ||| DROPPING potion of degeneration.
  2098 | D:4      | HP: 6/32 [killer bee (6)]
  2099 | D:4      | 2099 ||| READING 2 scrolls of teleportation.
  2114 | D:4      | 2114 ||| Stepping ~*~*~tactically~*~*~ (stealth).
  2115 | D:4      | Noticed an ogre
  2116 | D:4      | 2116 ||| Stepping ~*~*~tactically~*~*~ (stealth).
  2125 | D:4      | Slain by an ogre

Levels and vault maps discovered:
D:1:      scummos_arrival_forest, layout_loops_ring
D:2:      layout_loops_ring
D:3:      layout_loops_ring, mainiacjoe_overflow_small_starburst, serial_shops,
          nicolae_shop_window_shopping, uniq_crazy_yiuf_cottage
D:4:      layout_rooms, mainiacjoe_overflow_six_doors_small, minmay_manual_mail,
          uniq_ijyb

Skill      XL: |  1  2  3  4 |
---------------+-------------+-----
Axes           | 2 3 4 |  4.6
Fighting       | |  3.2
Armour         | |  3.2
Shields        | |  3.2

Action                     |  1- 3 |  4- 6 || total
---------------------------+-------+-------++-------
  Melee: War axe           |   100 |   113 ||   213
    Use: Scroll            |     1 |     6 ||     7
         Potion            |       |     2 ||     2
 Armour: Scale mail        |    49 |    59 ||   108
  Dodge: Dodged            |    46 |    51 ||    97
  Block: Buckler           |    19 |    19 ||    38

Table legend:
 A = Non-vault XP
 B = Vault XP
 C = Vault XP percentage of total XP
 D = Non-vault monster count
 E = Vault monster count
 F = Vault count percentage of total count
                 A         B        C        D         E       F
            +---------+---------+-------+---------+---------+-------
      Total |     175 |       0 |   0.0 |      57 |       0 |   0.0
            +---------+---------+-------+---------+---------+-------
        D:1 |      23 |       0 |   0.0 |      13 |       0 |   0.0
        D:2 |      81 |       0 |   0.0 |      22 |       0 |   0.0
        D:3 |      71 |       0 |   0.0 |      22 |       0 |   0.0
            +---------+---------+-------+---------+---------+-------
